 Dungeon Crawl Stone Soup version 0.20-a0-9-g62d82d9 (webtiles) character file.

207 nubinia the Magician (level 5, -4/28 HPs)
             Began as a Deep Elf Air Elementalist on Nov 1, 2016.
             Splashed by a gnoll's acid (10 damage)
             ... on level 3 of the Dungeon.
             The game lasted 00:14:28 (3201 turns).

nubinia the Magician (Deep Elf Air Elementalist)    Turns: 3201, Time: 00:14:30

Health: -4/28      AC:  1    Str:  5    XL:     5   Next: 54%
Magic:  12/14      EV: 13    Int: 21    God:
Gold:   105        SH:  0    Dex: 15    Spells: 4 memorised, 5 levels left

rFire  . . .     SeeInvis .     a - +0 dagger
rCold  . . .     Gourm    .     e - +0 robe
rNeg   . . .     Faith    .     (no shield)
rPois  .         Spirit   .     o - +0 helmet
rElec  .         Reflect  .     (no cloak)
rCorr  .         Harm     .     p - +0 pair of gloves
MR     .....                    w - +0 pair of boots
Stlth  ++........               (no amulet)
                                (no ring)
                                (no ring)

@: corroded, repel missiles
A: no striking features
a: no special abilities


You were on level 3 of the Dungeon.
You were not hungry.

You visited 1 branch of the dungeon, and saw 3 of its levels.

You collected 105 gold pieces.

Inventory:

Hand Weapons
 a - a +0 dagger (weapon)
 b - a +0 blowgun
 s - a +2 hand axe of freezing
Missiles
 h - 30 poisoned needles
Armour
 e - a +0 robe (worn)
 o - a +0 helmet (worn)
 p - a +0 pair of gloves (worn)
 w - a +0 pair of boots (worn)
Scrolls
 j - 2 scrolls of amnesia
 n - a scroll of magic mapping
Potions
 d - a potion of lignification
 i - a potion of flight
 k - 2 potions of resistance
 l - a potion of cancellation
 q - a potion of heal wounds {unknown}
Books
 v - a book of Air

   Spells                             Type                      Level
   a - Shock                          Conjuration/Air              1
   b - Swiftness                      Charms/Air                   2
   c - Repel Missiles                 Charms/Air                   2
   d - Static Discharge               Conjuration/Air              3
   e - Lightning Bolt                 Conjuration/Air              5
Comestibles
 c - 2 bread rations
 g - 2 meat rations
 t - 4 chunks of flesh


   Skills:
 + Level 2.9 Dodging
 + Level 3.2 Stealth
 + Level 4.8 Spellcasting
 + Level 2.6 Conjurations
 + Level 4.4 Air Magic


You had 5 spell levels left.
You knew the following spells:

 Your Spells              Type           Power        Failure   Level  Hunger
a - Shock                 Conj/Air       ###.         2%          1    None
b - Static Discharge      Conj/Air       ###.....     10%         3    ##.....
c - Swiftness             Chrm/Air       ##......     10%         2    None
r - Repel Missiles        Chrm/Air       ##....       10%         2    None


Dungeon Overview and Level Annotations

Branches:
Dungeon (3/15)

Altars:
Ashenzari
Dithmenos


Message History

Confirm with . or Enter, or press ? or * to list all spells.
Aiming: Shock
Press: ? - help, Shift-Dir - straight line, f - orc
Aim: an orc (hasn't noticed you)
The zap hits the gnoll.
The gnoll is lightly wounded.
The zap hits the orc.
The orc is heavily wounded.
Casting: Shock
Confirm with . or Enter, or press ? or * to list all spells.
Aiming: Shock
Press: ? - help, Shift-Dir - straight line, f/p - orc
Aim: an orc (heavily wounded)
The zap misses the gnoll.
The zap hits the orc.
You kill the orc!
The gnoll zaps a wand.
The bolt of acid hits you!
Ouch! That really hurt!
* * * LOW HITPOINT WARNING * * *
The acid corrodes you!
You are splashed with acid!
The acid burns!
You die...

.###########.##.#********,**
...##...)....)..#,,,,,,,*,*
...##.######.#.†#,*****,*,*
...##.# #....#)g#,,,,,,,,,*
...##.# #.##.#..#******,***
....#.###.####..# ***
###.#.....##....#
**#.########.##.########
,,#.#####..#....@......#
*,#.#.........)<######.#
*,#.#.####.#.........#.#
*,#.#..............#.#.#
*,#.#.#..#...........#.#
*,#.#.#......####.####.#
*,#[#.#.#..........#...#
*,#.#.###.##########.###
*,#.#......<.........#


You could see a gnoll.

Vanquished Creatures
  An orc wizard (D:3)
  2 gnolls
  5 adders
  An ooze (D:1)
  2 worms
  2 dart slugs
  4 leopard geckos
  7 orcs
  10 bats
  5 giant cockroaches
  8 goblins
  7 hobgoblins
  7 jackals
  10 kobolds
  5 quokkas (D:2)
  2 frilled lizards
  11 rats
89 creatures vanquished.

Notes
Turn   | Place    | Note
-------+----------+-------------------------------------------
     0 | D:1      | nubinia the Deep Elf Air Elementalist began the quest for the Orb.
     0 | D:1      | Reached XP level 1. HP: 10/10 MP: 6/6
   292 | D:1      | Reached XP level 2. HP: 15/15 MP: 6/8
   296 | D:1      | Learned a level 2 spell: Repel Missiles
   299 | D:1      | Learned a level 2 spell: Swiftness
   857 | D:1      | Reached XP level 3. HP: 19/19 MP: 7/10
   881 | D:1      | Learned a level 3 spell: Static Discharge
  1483 | D:2      | Reached XP level 4. HP: 24/24 MP: 1/11
  1590 | D:2      | Found a shadowy altar of Dithmenos.
  2195 | D:2      | Found a shattered altar of Ashenzari.
  2195 | D:2      | Found a faded altar of an unknown god.
  2200 | D:2      | Found a faded altar of an unknown god.
  2203 | D:2      | Found a faded altar of an unknown god.
  2205 | D:2      | Found a faded altar of an unknown god.
  2357 | D:3      | Reached XP level 5. HP: 28/28 MP: 13/13
  3201 | D:3      | Splashed by a gnoll's acid

Vault maps used:
D:1:      minmay_arrival_doors, minmay_hexomino_c4
D:2:      chequers_temple_overflow_minitemple, first_bread,
          grunt_dithmenos_smoke_and_mirrors
D:3:      uniq_natasha

Skill      XL: |  1  2  3  4 |
---------------+-------------+-----
Conjurations   | 2 |  2.6
Spellcasting   | 4 |  4.8
Air Magic      | 4 |  4.4
Stealth        | 3 |  3.2
Dodging        | |  2.9

Action                   |  1- 3 |  4- 6 || total
-------------------------+-------+-------++-------
Melee: Dagger            |     1 |     7 ||     8
       Hand axe          |       |     4 ||     4
 Cast: Shock             |    73 |    99 ||   172
       Repel Missiles    |     2 |       ||     2
       Static Discharge  |       |     1 ||     1
  Use: Scroll            |     4 |     7 ||    11
 Stab: Sleeping          |       |     2 ||     2
  Eat: Chunk             |     2 |     5 ||     7
Armor: Robe              |     4 |       ||     4
Dodge: Dodged            |     4 |    19 ||    23
       Deflected         |     1 |       ||     1
